 Dungeon Crawl Stone Soup version 0.27.1-33-g824d729ab1 (webtiles) character file.

Game seed: 4432012274785147622

794 klutch the Caller (level 7, 0/51 HPs)
             Began as a Demonspawn Summoner on Dec 6, 2021.
             Slain by an adder (2 damage)
             ... on level 6 of the Dungeon.
             The game lasted 00:34:31 (7944 turns).

klutch the Caller (Demonspawn Summoner)             Turns: 7944, Time: 00:34:31

Health: 0/51       AC:  5    Str: 10    XL:     7   Next: 58%
Magic:  7/12       EV: 12    Int: 17    God:
Gold:   243        SH:  4    Dex: 13    Spells: 10/13 levels left

rFire    . . .     SeeInvis .   i - +0 club
rCold    . . .     Faith    .   (no shield)
rNeg     . . .     Spirit   .   n - +0 leather armour
rPois    .         Reflect  .   (no helmet)
rElec    .         Harm     .   c - +0 cloak
rCorr    .         Rampage  .   t - +0 pair of gloves
Will     .....                  (no boots)
Stlth    ++........             (no amulet)
HPRegen  0.17/turn              (no ring)
MPRegen  0.13/turn              (no ring)

@: no status effects
A: talons 1, powered by pain 3, condensation shield
a: no special abilities


You were on level 6 of the Dungeon.
You visited 1 branch of the dungeon, and saw 6 of its levels.

You collected 243 gold pieces.

Inventory:

Hand Weapons
 h - a +0 short sword
 i - a +0 club (weapon)
Missiles
 d - 41 poisoned darts
 f - 4 datura-tipped darts
 r - 5 javelins (quivered)
Armour
 a - a +0 robe
 c - a +0 cloak (worn)
 j - a +0 plate armour
 n - a +0 leather armour (worn)
 t - a +0 pair of gloves (worn)
Magical Staves
 b - a staff of conjuration
 e - a staff of air
 k - a staff of fire
Jewellery
 p - a ring of willpower
Wands
 l - a wand of flame (22)
 v - a wand of digging (5)
Scrolls
 g - 2 scrolls of blinking
Potions
 m - a potion of might
 o - a potion of ambrosia {unknown}
 q - a potion of curing
 s - a potion of invisibility {unknown}
 u - a potion of mutation {unknown}
 w - a potion of heal wounds {unknown}
 x - a potion of degeneration {unknown}


   Skills:
 + Level 2.8 Fighting
 + Level 2.5 Maces & Flails
 + Level 2.6 Throwing
 + Level 2.6 Armour
 + Level 3.3 Dodging
 - Level 1.7 Stealth
 + Level 3.5 Spellcasting
 + Level 5.1 Summonings


You had 10 spell levels left.
You knew the following spells:

 Your Spells              Type           Power      Damage    Failure   Level
a - Summon Small Mammal   Summ           80%        N/A       2%          1
b - Call Imp              Summ           20%        N/A       4%          2

Your spell library contained the following spells:

 Spells                   Type           Power      Damage    Failure   Level
 Call Canine Familiar     Summ           20%        N/A       8%          3
 Shock                    Conj/Air       8%         1d3       22%         1
 Summon Guardian Golem    Hex/Summ       11%        N/A       22%         3
 Gell's Gravitas          Tloc           1%         N/A       54%         3
 Ozocubu's Armour         Ice            2%         N/A       54%         3
 Swiftness                Air            2%         N/A       54%         3
 Teleport Other           Tloc           2%         N/A       54%         3
 Tukima's Dance           Hex            2%         N/A       54%         3
 Summon Lightning Spire   Summ/Air       11%        N/A       58%         4
 Airstrike                Air            1%         N/A       91%         4
 Passage of Golubria      Tloc           N/A        N/A       91%         4
 Yara's Violent Unravell  Hex/Tmut       1%         3d3       99%         5
 Dispersal                Tloc           1%         N/A       100%        6
 Ozocubu's Refrigeration  Ice            1%         4d5       100%        7


Dungeon Overview and Level Annotations

Branches:
Dungeon (6/15)
 Temple: D:4-7

Altars:
Nemelex Xobeh


Innate Abilities, Weirdness & Mutations

You have sharp toenails.
You are powered by pain.
A meltable shield of frost defends you. (SH +4)


Message History

Your bat hits the ice beast but does no damage.
The gnoll hits your quokka with a +0 club.
Your quokka dies!
Your quokka's corpse disappears in a puff of smoke!
The adder barely misses your quokka.
Your quokka bites the ice beast but does no damage.
The ice beast hits you.
* * * LOW HITPOINT WARNING * * *
The ice beast freezes you!
* * * LOW HITPOINT WARNING * * *
You swap places.
Your bat hits the ice beast but does no damage.
Your quokka misses the ice beast. The adder closely misses your quokka.
Your quokka barely misses the ice beast.
The ice beast hits your quokka. The ice beast freezes your quokka!
Your quokka dies!
Your quokka's corpse disappears in a puff of smoke!
Your bat hits the gnoll. The adder bites your quokka.
Your bat hits the gnoll.
Your quokka bites the adder.
The gnoll closely misses your quokka.
Your bat hits the gnoll.
Your bat hits the gnoll but does no damage.
The gnoll closely misses your quokka.
There is an open door here.
Your quokka barely misses the gnoll.
The gnoll hits your bat with a +0 club!
Your bat dies!
Your bat's corpse disappears in a puff of smoke!
The gnoll closely misses something.
The gnoll sergeant shouts!
The gnoll sergeant closely misses you.
The gnoll sergeant hits you from afar with a +0 spear.
* * * LOW HITPOINT WARNING * * *
The gnoll sergeant barely misses you. The adder completely misses you.
You block the gnoll sergeant's attack. The adder misses you.
The adder completely misses you.
The gnoll sergeant hits you from afar with a +0 spear!
* * * LOW HITPOINT WARNING * * *
Found a stone staircase leading down.
The adder closely misses you. The adder bites you.
You die...

.......#......'....
.......#......#...
.......#..gg..# ..>....#......#
.......#......#
'###...#.....Y###+####
..##...#......g......#
..#....#.......S>....# ......
..#....#........@....# .....
..#....#.............# ...J
..#....#.............# ...
..+....#.............# ..
..#.##.#...........Y.###'######
### ######+####.............
#.....<....... #.....YY......
#.....Y.......


You could see 2 yaks, an ice beast, a gnoll sergeant, 2 gnolls and an adder.

Vanquished Creatures
  Eustachio (D:5)
  A bullfrog zombie (D:5)
  A centaur zombie (D:5)
  A hound (D:4)
  An iguana (D:5)
  A hound skeleton (D:4)
  2 adders
  2 orcs (D:5)
  An endoplasm (D:2)
  A goblin (D:1)
  A hobgoblin (D:1)
  A kobold (D:2)
14 creatures vanquished.

Vanquished Creatures (collateral kills)
  Sigmund (D:2)
  A yak (D:5)
  2 ogres
  A bullfrog (D:4)
  Blork the orc (D:6)
  A scorpion (D:5)
  A wyvern zombie (D:5)
  A water moccasin skeleton (D:2)
  A bullfrog zombie (D:6)
  A hound (D:4)
  A centaur zombie (D:5)
  A jelly (D:5)
  Natasha (D:2)
  An orc wizard (D:5)
  A hound skeleton (D:4)
  A gnoll (D:5)
  2 adders
  A worm (D:3)
  5 dart slugs
  An orc (D:4)
  4 endoplasms
  3 giant cockroaches
  5 goblins
  5 hobgoblins (D:2)
  4 quokkas
  5 ball pythons
  3 bats
  4 frilled lizards (D:2)
  3 kobolds
  3 rats
65 creatures vanquished.

Grand Total: 79 creatures vanquished

Notes
Turn   | Place    | Note
-------+----------+-------------------------------------------
     0 | D:1      | klutch the Demonspawn Summoner began the quest for the Orb.
     0 | D:1      | Reached XP level 1. HP: 13/13 MP: 3/3
   537 | D:1      | Found a faded altar of an unknown god.
   902 | D:1      | Gained mutation: You sometimes gain a little power by
                  | taking damage. [demonic ancestry]
   902 | D:1      | Reached XP level 2. HP: 20/20 MP: 0/5
  1146 | D:2      | Learned a level 2 spell: Call Imp
  1277 | D:2      | Gained mutation: You have sharp toenails. [demonic
                  | ancestry]
  1277 | D:2      | Reached XP level 3. HP: 18/25 MP: 1/6
  1371 | D:2      | Found a sparkling altar of Nemelex Xobeh.
  2167 | D:2      | Noticed Sigmund
  2200 | D:2      | HP: 1/25 [something (8)]
  2226 | D:2      | Killed Sigmund
  2227 | D:2      | Reached skill level 1 in Fighting
  2227 | D:2      | Reached skill level 1 in Maces & Flails
  2227 | D:2      | Reached skill level 1 in Throwing
  2227 | D:2      | Reached skill level 1 in Armour
  2227 | D:2      | Gained mutation: A meltable shield of frost defends you.
                  | (SH +4) [demonic ancestry]
  2227 | D:2      | Reached XP level 4. HP: 4/32 MP: 0/7
  2642 | D:2      | Noticed Natasha
  2667 | D:2      | Killed Natasha
  2668 | D:2      | Gained mutation: You sometimes gain power by taking damage.
                  | [demonic ancestry]
  2668 | D:2      | Reached XP level 5. HP: 32/37 MP: 0/8
  3710 | D:4      | Noticed an ogre
  3718 | D:4      | Killed an ogre
  4665 | D:4      | Reached XP level 6. HP: 44/44 MP: 4/10
  4976 | D:5      | Entered Level 5 of the Dungeon
  5805 | D:5      | Gained mutation: You are powered by pain. [demonic
                  | ancestry]
  5805 | D:5      | Reached XP level 7. HP: 38/51 MP: 6/11
  6261 | D:6      | Noticed Blork the orc
  6278 | D:6      | Killed Blork the orc
  6694 | D:6      | Noticed Eustachio
  6715 | D:5      | HP: 1/51 [Eustachio (7)]
  7288 | D:6      | Noticed a yak
  7288 | D:6      | Noticed a yak
  7290 | D:6      | Noticed a yak
  7292 | D:6      | Noticed a yak
  7303 | D:6      | Noticed a yak
  7322 | D:5      | Killed Eustachio
  7323 | D:5      | Reached skill level 5 in Summonings
  7720 | D:6      | Noticed a yak
  7748 | D:5      | Killed a yak
  7939 | D:6      | HP: 1/51 [gnoll sergeant (7)]
  7944 | D:6      | Slain by an adder

Illustrated notes

Levels and vault maps discovered:
D:1:      scummos_arrival_simple_fountains, layout_basic,
          ebering_ecumenical_altar_abandoned
D:2:      layout_basic, basic_altar, fountainhead, uniq_natasha, uniq_sigmund
D:3:      layout_rooms
D:4:      layout_cave_pods
D:5:      layout_gridville
D:6:      layout_gridville, minmay_temple_entry_sparse_star, uniq_eustachio,
          uniq_blork_the_orc

Skill      XL: |  1  2  3  4  5  6  7 |
---------------+----------------------+-----
Dodging        | 2 3 |  3.3
Fighting       | 1 2 |  2.8
Maces & Flails | 1 2 |  2.5
Throwing       | 1 2 |  2.6
Armour         | 1 2 |  2.6
Spellcasting   | 3 |  3.5
Summonings     | 5 |  5.1
Stealth        | |  1.7

Action                   |  1- 3 |  4- 6 |  7- 9 || total
-------------------------+-------+-------+-------++-------
Melee: Unarmed           |    11 |       |       ||    11
       Staff             |    11 |       |       ||    11
       Club              |    14 |    51 |    19 ||    84
       Kick              |     2 |    12 |     6 ||    20
Throw: Dart              |     1 |       |       ||     1
       Javelin           |       |     1 |       ||     1
 Cast: Summon Small Mamm |    38 |    61 |    96 ||   195
       Call Imp          |    24 |    60 |     5 ||    89
  Use: Scroll            |     3 |     2 |     1 ||     6
       Potion            |     1 |       |     2 ||     3
 Stab: Distracted        |     1 |     1 |       ||     2
Armor: Robe              |    16 |       |       ||    16
       Leather armour    |       |    15 |    25 ||    40
Dodge: Dodged            |    41 |    38 |    75 ||   154
Block: Other             |       |    21 |    25 ||    46
